Cogmind - Beta 10.2 @@@ ROGUE MODE // 2021.03.26 @ 23:16:40 Player: Michael Result: Self-destructed Performance ------------- Evolutions (1) 500 Regions Visited (6) 1200 Robots Destroyed (65) 325 Value Destroyed (1573) 1573 Prototype IDs (2) 40 Alien Tech Used (0) 0 Bonus (163) 163 TOTAL SCORE: 3801 Bonus ------- High Alert Combat Kills 103 Follower Combat Kills 60 Cogmind --------- Core Integrity 2/400 Matter 269/300 Energy 265/265 System Corruption 3% Temperature Cool (42) Movement Rolling (100) Ox2 Location -8/Mines Parts ------- > --- POWER (1) -------- Improved Ion Engine > --- PROPULSION (2) --- Wheel Wheel > --- UTILITY (3) ------ High-capacity Storage Unit Improved Signal Interpreter Improved Light Armor Plating > --- WEAPON (3) ------- Heavy Assault Rifle Heavy Assault Rifle Mini Grenade Launcher > --- INVENTORY (12) --- Improved Ion Engine Light Nuclear Core Wheel Medium Storage Unit Large Matter Pod (150) Improved Targeting Computer Medium Armor Plating Light EM Pulse Cannon Heavy Assault Rifle Improved Assault Rifle High-powered Shotgun Rocket Launcher Peak State ------------ > --- POWER ------------ Heavy Ion Engine > --- PROPULSION ------- Wheel Wheel > --- UTILITY ---------- High-capacity Storage Unit Improved Signal Interpreter Improved Targeting Computer > --- WEAPON ----------- Light EM Pulse Cannon Heavy Assault Rifle Improved Assault Rifle > --- INVENTORY -------- Improved Ion Engine Improved Ion Engine Light Nuclear Core Medium Storage Unit Large Matter Pod Improved Targeting Computer Hacking Suite Light EM Pulse Cannon Rocket Launcher Mini Grenade Launcher [Rating: 19] Favorites ----------- Power Light Nuclear Core Engine Ion Engine Power Core Light Nuclear Core Propulsion Wheel Wheel Wheel Utility High-capacity Storage Unit Storage High-capacity Storage Unit Processor Improved Targeting Computer Protection Improved Light Armor Plating Weapon Heavy Assault Rifle Energy Cannon Light EM Pulse Cannon Ballistic Gun Heavy Assault Rifle Launcher Mini Grenade Launcher Build | -11 -10 -10 -9 -9 -9 -8 ------- Run | Scr Mat Min Mat Min Exi Min Slots Evolved 2 | . . . 2 . . . Power . | . . . . . . . Propulsion . | . . . . . . . Utility 1 | . . . 1 . . . Weapon 1 | . . . 1 . . . Parts Attached 71 | 5 13 8 43 . . 2 Power 7 | 1 . 1 4 . . 1 Engine 4 | 1 . . 2 . . 1 Core 3 | . . 1 2 . . . Reactor . | . . . . . . . Propulsion 13 | 2 2 2 7 . . . Treads . | . . . . . . . Leg . | . . . . . . . Wheel 13 | 2 2 2 7 . . . Hover . | . . . . . . . Flight . | . . . . . . . Utility 7 | 1 4 . 2 . . . Device . | . . . . . . . Storage 3 | 1 2 . . . . . Processor 3 | . 2 . 1 . . . Hackware . | . . . . . . . Protection 1 | . . . 1 . . . Artifact . | . . . . . . . Weapon 44 | 1 7 5 30 . . 1 Energy Gun . | . . . . . . . Energy Cannon 8 | . 1 . 7 . . . Ballistic Gun 24 | 1 4 4 15 . . . Ballistic Cannon . | . . . . . . . Launcher 12 | . 2 1 8 . . 1 Special Weapon . | . . . . . . . Impact Weapon . | . . . . . . . Slashing Weapon . | . . . . . . . Piercing Weapon . | . . . . . . . Special Melee Weapon . | . . . . . . . Unidentified Prototypes . | . . . . . . . Parts Lost 5 | . . . 5 . . . Power . | . . . . . . . Propulsion 2 | . . . 2 . . . Utility . | . . . . . . . Weapon 3 | . . . 3 . . . Highest Loss Streak 2 | . . . 2 . . . Average Slot Usage (%) 98 | . 93 100 98 100 100 100 Engine 6 | . 14 6 5 . . 9 Core 5 | . . 7 5 11 11 2 Wheel 24 | . 28 28 22 22 22 22 Storage 12 | . 14 14 11 11 11 11 Processor 16 | . 12 14 21 11 11 11 Protection 2 | . . . . 11 11 11 Energy Cannon 5 | . . 4 9 . . . Ballistic Gun 22 | . 14 22 21 33 33 32 Launcher 2 | . 7 . 1 . . . Naked Turns . | . . . . . . . Heaviest Build 51 | 10 42 42 51 49 49 51 Greatest Support 20 | 20 20 20 20 20 20 20 Greatest Overweight (x) 2 | . 2 2 2 2 2 2 Average Overweight (x) 1 | . 1 1 2 2 2 2 Largest Inventory Capacity 12 | 6 12 12 12 12 12 12 Average Capacity 11 | 4 10 12 12 12 12 12 Most Carried 12 | 4 12 12 12 12 12 12 Average Carried 10 | 2 9 11 11 12 12 12 Final Capacity 12 | 6 12 12 12 12 12 12 Final Carried 12 | 4 12 12 12 12 12 12 Class Distribution -------------------- 40% | Mutant 24% | Gunner 13% | Scavenger-Tank 10% | Scavenger-Gunner 10% | Scavenger-Mutant Dominant Class ---------------- Mutant | -10/Materials Mutant | -10/Mines Gunner | -9/Materials Scavenger-Tank | -9/Mines Scavenger-Mutant | -9/Exiles Scavenger-Tank | -8/Mines Resources | -11 -10 -10 -9 -9 -9 -8 ----------- Run | Scr Mat Min Mat Min Exi Min Matter Collected 1735 | 207 226 243 947 13 66 33 Remotely . | . . . . . . . Salvage Created 2069 | . 454 148 1357 . . 110 Parts 138 | . 25 16 94 . . 3 Haulers Intercepted 5 | . 1 . 4 . . . Recyclers Shooed 2 | . 1 1 . . . . Parts Field Recycled . | . . . . . . . Retrieved Matter . | . . . . . . . Parts Self-Destructed . | . . . . . . . Prevented . | . . . . . . . Kills | -11 -10 -10 -9 -9 -9 -8 ------- Run | Scr Mat Min Mat Min Exi Min Combat Hostiles Destroyed 43 | . 11 3 27 . . 2 Guns 13 | . 5 1 5 . . 2 Cannons 9 | . . . 9 . . . AOE 21 | . 6 2 13 . . . Classes Destroyed 10 | . 6 1 3 . . . Worker 6 | . 1 1 4 . . . Builder 5 | . 2 1 2 . . . Tunneler 1 | . . 1 . . . . Hauler 5 | . 1 . 4 . . . Recycler 2 | . 1 . 1 . . . Operator 1 | . . . 1 . . . Watcher 2 | . . . 2 . . . Swarmer 9 | . 3 . 6 . . . Grunt 26 | . 8 3 13 . . 2 Sentry 8 | . . . 8 . . . Best Kill Streak 7 | . 5 3 7 . . 2 Combat Bots Only 5 | . 3 2 5 . . 2 Max Kills in Single Turn 4 | . 3 1 4 . . 1 Gunslinging . | . . . . . . . Exploded 3 | . 2 1 3 . . . Melee . | . . . . . . . Uniques/NPCs Destroyed . | . . . . . . . Combat | -11 -10 -10 -9 -9 -9 -8 -------- Run | Scr Mat Min Mat Min Exi Min Damage Taken 1696 | . 240 98 1251 . . 107 Core 525 | . 85 42 364 . . 34 Absorbed by Shields . | . . . . . . . Core Remaining (%) 74 | 100 . 49 . . . . Volleys Fired 155 | . 41 25 86 . . 3 Largest 3 | . 2 2 3 . . 3 Hottest 135 | . 60 76 135 . . 76 Shots Fired 312 | . 57 47 199 . . 9 Gun 244 | . 47 43 146 . . 8 Cannon 42 | . . 1 41 . . . Launcher 26 | . 10 3 12 . . 1 Special . | . . . . . . . Kinetic 244 | . 47 43 146 . . 8 Thermal . | . . . . . . . Explosive 26 | . 10 3 12 . . 1 Electromagnetic 42 | . . 1 41 . . . Robot Hit Streak 23 | . 11 23 20 . . 5 Robot Miss Streak 4 | . 4 2 2 . . 1 Penetration Max . | . . . . . . . Secondary Targets . | . . . . . . . Shots Hit Robots 220 | . 38 39 138 . . 5 Core Hits 107 | . 26 14 62 . . 5 Critical Hits 4 | . 1 . 3 . . . Critical Kills 2 | . 1 . 1 . . . Critical Parts Destroyed 2 | . . . 2 . . . Melee Attacks . | . . . . . . . Impact . | . . . . . . . Slashing . | . . . . . . . Piercing . | . . . . . . . Sneak Attacks . | . . . . . . . Combat Hostiles . | . . . . . . . Follow-up Attacks . | . . . . . . . Damage Inflicted 4551 | . 766 487 3167 . . 131 Guns 1582 | . 277 230 997 . . 78 Cannons 665 | . . 25 640 . . . Explosions 2304 | . 489 232 1530 . . 53 Melee . | . . . . . . . Ramming . | . . . . . . . Kinetic 1582 | . 277 230 997 . . 78 Thermal 209 | . . . 209 . . . Explosive 2095 | . 489 232 1321 . . 53 Electromagnetic 665 | . . 25 640 . . . Impact . | . . . . . . . Slashing . | . . . . . . . Piercing . | . . . . . . . Highest Corruption 3 | . . . 3 3 3 3 Average Corruption 2 | . . . 2 3 3 3 Corruption Purged . | . . . . . . . Effects 51 | . . . 44 1 2 4 Message Errors 15 | . . . 13 . . 2 Matter Fused 10 | . . . 8 . 1 1 Heat Flow Errors 1 | . . . . 1 . . Energy Discharges 6 | . . . 6 . . . Data Loss (minor) 7 | . . . 5 . 1 1 Targeting Errors 11 | . . . 11 . . . Weapon Failures 1 | . . . 1 . . . Overload Shots . | . . . . . . . Overflow Damage 191 | . . . 191 . . . Projectiles . | . . . . . . . Explosions 191 | . . . 191 . . . Melee . | . . . . . . . Knockbacks . | . . . . . . . Impact . | . . . . . . . Kinetic . | . . . . . . . Secondary . | . . . . . . . Self-Inflicted Damage 122 | . 39 . 55 . . 28 Shots 5 | . 2 . 2 . . 1 Rammed . | . . . . . . . Targets Rammed . | . . . . . . . Kicked . | . . . . . . . Crushed . | . . . . . . . Highest Temperature 313 | . 12 36 313 173 . 42 Average Temperature 55 | . 6 7 69 87 . 18 Received Heat Transfer 675 | . 90 60 480 . . 45 Siege Activations . | . . . . . . . Robots Corrupted . | . . . . . . . Combat Hostiles . | . . . . . . . Parts Fried 4 | . . . 4 . . . Impact Corruptions . | . . . . . . . Robots Melted . | . . . . . . . Combat Hostiles . | . . . . . . . Parts Melted . | . . . . . . . Heat Transferred 100 | . . . 100 . . . Parts Sabotaged . | . . . . . . . Parts Stolen . | . . . . . . . Parts Stripped . | . . . . . . . Power Chain Reactions . | . . . . . . . Missiles Intercepted . | . . . . . . . Alert | -11 -10 -10 -9 -9 -9 -8 ------- Run | Scr Mat Min Mat Min Exi Min Peak Influence 738 | . 322 147 738 198 . 58 Initial 198 | . . 90 27 198 . . Average 260 | . 146 96 393 198 . 40 Maximum Alert Level 3 | . 1 . 3 . . . Low Security (%) 51 | 100 58 100 23 100 . 100 Level 1 24 | . 41 . 31 . . . Level 2 23 | . . . 43 . . . Level 3 . | . . . . . . . Level 4 . | . . . . . . . Level 5 . | . . . . . . . High Security . | . . . . . . . Max Security . | . . . . . . . Squads Dispatched 3 | . 2 . 1 . . . Investigation 1 | . 1 . . . . . Extermination . | . . . . . . . Reinforcement 1 | . 1 . . . . . Assault 1 | . . . 1 . . . Garrison . | . . . . . . . Intercept . | . . . . . . . Construction Impeded . | . . . . . . . Haulers Reinforced . | . . . . . . . Stealth | -11 -10 -10 -9 -9 -9 -8 --------- Run | Scr Mat Min Mat Min Exi Min Distress Signals 7 | . 1 . 6 . . . Communications Jammed . | . . . . . . . Distress Signals . | . . . . . . . Times Spotted 89 | . 21 5 58 . . 5 Peak Tracking Total 9 | . 5 3 9 . . 3 Tactical Retreats 11 | . 1 1 9 . . . Traps | -11 -10 -10 -9 -9 -9 -8 ------- Run | Scr Mat Min Mat Min Exi Min Traps Triggered 4 | . 2 . 2 . . . Indirectly . | . . . . . . . Trap Hack Attempts . | . . . . . . . Triggered . | . . . . . . . Disarmed . | . . . . . . . Reprogrammed . | . . . . . . . Reused . | . . . . . . . Traps Extracted . | . . . . . . . Installed . | . . . . . . . Triggered . | . . . . . . . Machines | -11 -10 -10 -9 -9 -9 -8 ---------- Run | Scr Mat Min Mat Min Exi Min Machines Disabled 5 | . 2 . 3 . . . Max in Single Turn 2 | . 2 . 2 . . . Machines Sabotaged . | . . . . . . . Garrisons Compromised . | . . . . . . . Overloaded Fab Kills . | . . . . . . . Fab Network Shutdowns . | . . . . . . . Hacking | -11 -10 -10 -9 -9 -9 -8 --------- Run | Scr Mat Min Mat Min Exi Min Machines Accessed 17 | . 3 1 13 . . . Terminals 11 | . 2 1 8 . . . Fabricators . | . . . . . . . Repair Stations 2 | . . . 2 . . . Recycling Units 3 | . 1 . 2 . . . Scanalyzers 1 | . . . 1 . . . Garrison Access . | . . . . . . . Total Hacks 40 | . 7 2 31 . . . Successful 29 | . 6 1 22 . . . Failed 11 | . 1 1 9 . . . Catastrophic 1 | . . . 1 . . . Database Lockouts . | . . . . . . . Manual 6 | . 1 . 5 . . . Terminals 26 | . 6 2 18 . . . Fabricators . | . . . . . . . Repair Stations 7 | . . . 7 . . . Recycling Units 3 | . 1 . 2 . . . Scanalyzers 4 | . . . 4 . . . Garrison Access . | . . . . . . . Terminal Hacks 16 | . 5 1 10 . . . Part Schematic 1 | . 1 . . . . . Branch Access Points 2 | . 1 . 1 . . . Emergency Access Points 1 | . . . 1 . . . Unreport Threat 2 | . . . 2 . . . Locate Traps 2 | . 1 . 1 . . . Patrol Status 2 | . . 1 1 . . . Transport Status 1 | . . . 1 . . . Hauler Manifests 1 | . . . 1 . . . Registered Components 1 | . 1 . . . . . Zone Layout 3 | . 1 . 2 . . . Fabricator Hacks . | . . . . . . . Repair Station Hacks 6 | . . . 6 . . . Scan Component 3 | . . . 3 . . . Repair 3 | . . . 3 . . . Recycling Unit Hacks 2 | . 1 . 1 . . . Retrieve Components 2 | . 1 . 1 . . . Scanalyzer 4 | . . . 4 . . . Insert Component 3 | . . . 3 . . . Analyze 1 | . . . 1 . . . Garrison Access Hacks . | . . . . . . . Unauthorized Hacks 1 | . . . 1 . . . Terminals 1 | . . . 1 . . . Botnet 1 | . . . 1 . . . Fabricators . | . . . . . . . Repair Stations . | . . . . . . . Recycling Units . | . . . . . . . Scanalyzers . | . . . . . . . Garrison Access . | . . . . . . . Data Cores Recovered 1 | . . . 1 . . . Used . | . . . . . . . Hacking Detections 11 | . 2 . 9 . . . Full Trace Events . | . . . . . . . Feedback Events . | . . . . . . . Feedback Blocked . | . . . . . . . Robot Schematics Acquired . | . . . . . . . Robots Built . | . . . . . . . Matter . | . . . . . . . Time . | . . . . . . . Total Robot Build Rating . | . . . . . . . Part Schematics Acquired 2 | . 1 . 1 . . . Parts Built . | . . . . . . . Matter . | . . . . . . . Time . | . . . . . . . Total Part Build Rating . | . . . . . . . Parts Repaired 3 | . . . 3 . . . Time 102 | . . . 102 . . . Parts Recycled . | . . . . . . . Recycled Matter . | . . . . . . . Retrieved Matter . | . . . . . . . Retrieved Components 10 | . 1 . 9 . . . Parts Scanalyzed 1 | . . . 1 . . . Part Schematics Acquired 1 | . . . 1 . . . Parts Damaged . | . . . . . . . Bothacking | -11 -10 -10 -9 -9 -9 -8 ------------ Run | Scr Mat Min Mat Min Exi Min Used RIF Installer . | . . . . . . . Robots Hacked . | . . . . . . . Non-combat . | . . . . . . . Combat . | . . . . . . . Robot Hacks Applied . | . . . . . . . Relay Couplers Released . | . . . . . . . Robots Rewired 3 | . . . . . 3 . Allies Hacked . | . . . . . . . Hacks Repelled . | . . . . . . . Allies | -11 -10 -10 -9 -9 -9 -8 -------- Run | Scr Mat Min Mat Min Exi Min Total Allies 4 | . . 1 . . 3 . Largest Group 3 | . . 1 1 . 3 3 Highest-Rated Group 50 | . . 31 31 . 50 50 Highest-Rated Ally 31 | . . 31 31 . 21 21 Total Orders . | . . . . . . . Ally Attacks 17 | . . 3 7 . . 7 Total Damage 386 | . . 62 86 . . 238 Kills 3 | . . 1 . . . 2 Allies Corrupted . | . . . . . . . Allies Melted . | . . . . . . . Intel | -11 -10 -10 -9 -9 -9 -8 ------- Run | Scr Mat Min Mat Min Exi Min Robot Analysis Total . | . . . . . . . Derelict Logs Recovered 2 | . . 1 . 1 . . Drone Launches . | . . . . . . . Drone Recoveries . | . . . . . . . Exploration | -11 -10 -10 -9 -9 -9 -8 ------------- Run | Scr Mat Min Mat Min Exi Min Turns Passed 3381 | 43 591 535 1660 109 226 217 Spaces Moved 2286 | 42 442 362 1054 110 179 97 Core 5 | 5 . . . . . . Treads . | . . . . . . . Legs . | . . . . . . . Wheels 2281 | 37 442 362 1054 110 179 97 Hover . | . . . . . . . Flight . | . . . . . . . Fastest Speed 50 | 50 80 90 100 100 100 100 Average Speed 96 | 76 90 94 100 100 100 100 Slowest Speed 100 | 80 100 100 100 100 100 100 Overloaded Moves . | . . . . . . . Propulsion Burnouts . | . . . . . . . Robots Hopped . | . . . . . . . Cave-ins Triggered . | . . . . . . . Exploration Rate (%) 52 | 3 83 87 90 30 57 18 Regions Visited 6 Branch Regions 4 Pre-discovered Areas 2 | . . 2 . . . . Known Exits Taken 4 | . 1 . 1 1 1 . Unknown Exits Taken 2 | 1 . 1 . . . . Scrap Searched 2 | . . 1 . 1 . . Spaces Dug 25 | . . . 25 . . . Terrain Destroyed 240 | . 70 33 126 . . 11 Melee . | . . . . . . . Projectile . | . . . . . . . AOE 240 | . 70 33 126 . . 11 Terrain Rammed . | . . . . . . . Walls Destroyed . | . . . . . . . Machines Disabled . | . . . . . . . Actions | -11 -10 -10 -9 -9 -9 -8 --------- Run | Scr Mat Min Mat Min Exi Min Total 3208 | 50 588 520 1507 109 225 209 Wait 583 | . 63 114 291 . 8 107 Move 2280 | 41 441 361 1053 109 178 97 Hop . | . . . . . . . Pick Up 35 | 4 14 4 13 . . . Fast Attach 22 | 5 10 1 6 . . . Attach 8 | . . 1 7 . . . Detach 10 | . 4 1 5 . . . Swap 41 | . 3 6 30 . . 2 Drop 35 | . 12 7 16 . . . Fire 155 | . 41 25 86 . . 3 Melee . | . . . . . . . Ram . | . . . . . . . Kick . | . . . . . . . Crush . | . . . . . . . Escape Stasis . | . . . . . . . Rewire 39 | . . . . . 39 . Trap . | . . . . . . . Miscellaneous . | . . . . . . . Route ------- -11/Scrapyard -10/Materials (discovered 3 exits: *Mat x2 / *Min) -10/Mines (discovered 2 exits: *Mat x2) -9/Materials (discovered 4 exits: *Mat x3 / *Min) -9/Mines (discovered 2 exits: *Mat / *Exi) -9/Exiles -8/Mines History --------- Turn | Location | Event 12 | -11/Scrapyard | Discovered new exit (range 15) 44 | -11/Scrapyard | Entered Materials 312 | -10/Materials | Build established: Mutant 331 | -10/Materials | Discovered new exit (range 12) 401 | -10/Materials | Discovered new exit (range 15) 567 | -10/Materials | Identified exit to Mines 635 | -10/Materials | Entered Mines 671 | -10/Mines | Discovered new exit (range 7) 807 | -10/Mines | Received a Rocket Launcher from a helpful Derelict 871 | -10/Mines | Core integrity fell below 50% 885 | -10/Mines | Learned location of Zion (-7) 1004 | -10/Mines | Discovered new exit (range 5) 1057 | -10/Mines | Escorted by a lone wolf Derelict 1077 | -10/Mines | Learned location of Storage (-7) 1170 | -10/Mines | Entered Materials 1170 | -9/Materials | Accompanied by 1 ally 1170 | -9/Materials | Evolved 2 slots: Utility x1, Weapon x1 1388 | -9/Materials | Repaired Lgt. Nuclear Core 1416 | -9/Materials | Repaired Wheel 1622 | -9/Materials | Discovered new exit (range 10) 1652 | -9/Materials | Identified exit to Materials 1851 | -9/Materials | Discovered exit to Materials (range 15) 2171 | -9/Materials | Core integrity fell below 50% 2243 | -9/Materials | Build established: Gunner 2581 | -9/Materials | Identified exit to Mines 2631 | -9/Materials | Build established: Scavenger-Gunner 2631 | -9/Materials | Discovered exit to Materials (range 6) 2685 | -9/Materials | Repaired Lgt. Nuclear Core 2770 | -9/Materials | First assault squad dispatched 2779 | -9/Materials | Core integrity fell below 20% 2830 | -9/Materials | Entered Mines 2840 | -9/Mines | Learned Materials garrison access intel 2891 | -9/Mines | Discovered exit to Materials (range 11) 2935 | -9/Mines | Deemed a non-threat by the Exiles lab entrance 2935 | -9/Mines | Discovered new exit (range 5) 2938 | -9/Mines | Identified exit to Exiles 2939 | -9/Mines | Entered Exiles 2939 | -9/Exiles | Found Exiles lab destroyed 3144 | -9/Exiles | Discovered new exit (range 14) 3155 | -9/Exiles | Identified exit to Mines 3165 | -9/Exiles | Entered Mines 3165 | -8/Mines | Accompanied by 3 allies 3382 | -8/Mines | Self-destructed Last Messages --------------- GOAL=ESCAPE 03166_ K-01 Serf collects debris. 03183_ VJ7A OM0NEXDTGOL3KOZ=R1B:KGDPH|3V3OR 03183_ K-01 Serf collects debris. 03196_ Mercenary 2a destroyed. 03207_ G-50 Soldier destroyed. 03210_ G-47 Trooper destroyed. 03211_ Acquired 33 matter. 03224_ K-01 Serf collects debris. 03239_ R-06 Scavenger collects Seismic Analyzer. 03240_ K-01 Serf collects debris. 03243_ R-06 Scavenger collects Imp. Terrain Scanner. 03245_ System corrupted: Matter fused (-5). 03245_ K-01 Serf collects debris. 03255_ R-06 Scavenger collects Carbon-fiber Leg. 03257_ K-01 Serf collects debris. 03259_ R-06 Scavenger collects Assault Rifle. 03261_ K-01 Serf collects debris. 03295_ X:LJR 4E GV 2HDQO< ## 03350_ System corrupted: Component data lost. Map ----- +----------------------------------------------------+ | ?????????????????????????????????????????????????? | | ?????????????????????????????????????????????????? | | ?????????????????????????????????????????????????? | | ?????????????????????????????????????????????????? | | ?????????????????????????????????????????????????? | | ?????????????????????????????????????????????????? | | ?????????????????????????????????????????????????? | | ?????????????????????????????????????????????????? | | ?????????????????????????????????????????????????? | | ?????????????????????????????????????????????????? | | ?????????????????????????????????????????????????? | | ?????????????????????????????????????????????????? | | ?????????????????????????????????????????????????? | | ?????????????????????????????????????????????????? | | ?????????????????????????????????????????????????? | | ???????????????#?????????????????????????????????? | | ????????????#### ????????????????????????????????? | | ????????????? ????????????????????????########? | | ?????????????? ????????????????????????# #? | | ??????????????## #???????????????????????#""" #? | | ?????????????## ##?????????????????????#""" #? | | ????????????## ##????????????????????#""" #? | | ?????#??????# #??######????????????# #? | | ?????# ### #??# # #????????????# #? | | ??????# #??# #????????????# #? | | ???????# #### ##?# @ #????????????## #####? | | ?????? ?????## ## #????????????# #????? | | ?????#????????## gg #??????????## ###??? | | ???????????????#### ##????????##=%! ##?? | | ??????????????????## g ########## #?? | | ???????????????????# ## u #?? | | ???????????????????## #### % %%=###?# | | ????????????????????#####??## ####### ! ##???# | | ????????????????????????????#####?????# %###### | | ??????????????????????????????????????## * =% | | ???????????????????????????????????????########### | | ?????????????????????????????????????????????????# | | ?????????????????????????????????????????????????# | | ?????????????????????????????????????????????????# | | ?????????????????????????????????????????????????? | | | | | | | | | | | | | | | | | | | | | +----------------------------------------------------+ Best States ------------- Heat Dissipation 28 Energy Generation 14 Energy Capacity 280 Matter Stores 300 Matter Capacity 300 Sight Range 16 Terrain Scan Density 10 Armor Coverage 150 Evasion (%) 44 Targeting Accuracy 6 Item Schematics ----------------- Hcp. Storage Unit | -10/Materials | Hacked Lgt. Nuclear Core | -9/Materials | Scanalyzed Robot Schematics ------------------ None Fabricated ------------ Nothing Alien Tech Used ----------------- None Achievements -------------- None Challenges ------------ None Game ------ Seed QuantumCryofiberCharger Manual? 0 Play Time 01:03:37 Cumulative 381.9 hours Start 2021.03.26 @ 18:29:41 End 2021.03.26 @ 23:16:40 Sessions 1 Manual Loads 0 Difficulty Rogue Special Mode None Game No. 148 Rogue 112 Adventurer 36 Explorer 0 Win Type - Total 11 Types 11/0/0/0/0/0/0/0/0 Lore% 52 Gallery% 58 Achievement% 43 Wizard Run 0 Options --------- ASCII 0 Keyboard 1 Movement Vi Keybinds 0 Fullscreen 1 Font 18/Terminus Map View 76x50 Tactical HUD 1 Map Filters NONE Filters NONE Steam 0 RUN: 9e09e0c5-87ea-4723-af67-55c0b08a1299